 Dungeon Crawl Stone Soup version 0.26.0-10-g1f06aea511 (webtiles) character file.

Game seed: 3008115675591632506

183 Marvel the Skirmisher (level 5, -8/43 HPs)
             Began as a Demonspawn Abyssal Knight on Jan 14, 2021.
             Was a Believer of Lugonu.
             Mangled by an ogre
             ... wielding a +0 giant spiked club
              (15 damage)
             ... on level 4 of the Dungeon.
             The game lasted 00:06:04 (3974 turns).

Marvel the Skirmisher (Demonspawn Abyssal Knight)   Turns: 3974, Time: 00:06:05

Health: -8/43      AC: 22    Str: 13    XL:     5   Next: 35%
Magic:  6/6        EV:  3    Int: 13    God:    Lugonu [**....]
Gold:   137        SH:  0    Dex: 13    Spells: 4/4 levels left

rFire    . . .     SeeInvis .   a - +2 hand axe
rCold    + . .     Faith    .   (no shield)
rNeg     . . .     Spirit   .   h - +0 plate armour
rPois    .         Reflect  .   (no helmet)
rElec    .         Harm     .   (no cloak)
rCorr    .         Rampage  .   b - +0 pair of gloves
Will     .....                  (no boots)
Stlth    ..........             (no amulet)
HPRegen  0.14/turn              (no ring)
MPRegen  0.10/turn              (no ring)

@: no status effects
A: talons 1, cold resistance 1, icemail, freezing cloud immunity
a: Renounce Religion, Depart the Abyss, Bend Space


You were on level 4 of the Dungeon.
You worshipped Lugonu.
Lugonu was pleased with you.
You visited 1 branch of the dungeon, and saw 4 of its levels.
You visited the Abyss 1 time.

You collected 137 gold pieces.

Inventory:

Hand Weapons
 a - a +2 hand axe (weapon)
Armour
 b - a +0 pair of gloves (worn)
 h - a +0 plate armour (worn)
 p - a +0 scale mail
Jewellery
 j - an uncursed ring of ice {unknown}
 o - an uncursed ring of see invisible {unknown}
Scrolls
 c - 2 scrolls of amnesia {unknown}
 d - 4 scrolls of teleportation {unknown}
 e - 4 scrolls of identify
 k - a scroll of enchant armour
 l - 3 scrolls of enchant weapon
 m - 3 scrolls of noise {unknown}
 n - 2 scrolls of remove curse
Potions
 f - a potion of cancellation
 g - 2 potions of curing
 i - a potion of berserk rage {unknown}
 q - a potion of haste


   Skills:
 + Level 4.6 Fighting
 + Level 3.7 Axes
 + Level 2.2 Armour
 - Level 0.8 Dodging
 - Level 2.4 Invocations


You had 4 spell levels left.
You didn't know any spells.
Your spell library was empty.

Dungeon Overview and Level Annotations

Branches:
Dungeon (4/15)
 Temple: D:4-7

Altars:
Gozag
Okawaru


Innate Abilities, Weirdness & Mutations

You have sharp toenails.
Your flesh is cold resistant. (rC+)
A meltable icy envelope protects you from harm. (AC +10)
You are immune to freezing clouds.


Message History

An ogre comes into view. It is wielding a +0 giant spiked club.
You don't know any spells.
Okay, then.
You hit the ogre. You claw the ogre, but do no damage.
The ogre is lightly wounded.
The ogre hits you with a +0 giant spiked club.
You hit the ogre. You claw the ogre.
The ogre is heavily wounded.
The ogre hits you with a +0 giant spiked club!!
You hit the ogre but do no damage.
The ogre is heavily wounded.
The ogre hits you but does no damage.
You slash the ogre!
The ogre is severely wounded.
You hit the ogre.
The ogre is severely wounded.
The ogre hits you with a +0 giant spiked club!
* * * LOW HITPOINT WARNING * * *
The ogre hits you with a +0 giant spiked club!
You die...

#. ..# #.# #.# #.# #.##### #.#
#..... #.# #######..#####
######.###...[.........
#............###..###..
#########.#....O......##..#
#.............@###.#.<##..###.#
#..####.#.#.#..# #.#..........#
#..# #.#.#.#..###.##.##..#####
#..# #.#.#.#................
#..# #................>..##.#
#..# ##.......##..##.###.. ..
###..# #....#.###..##.# ### #
.....# #.#..#.# #..##.# ####.#
#.#..... .>....


You could see an ogre.

Vanquished Creatures
  A hound (D:4)
  Natasha (D:1)
  A hound zombie (D:4)
  2 worker ant zombies (D:3)
  3 adders
  An ooze (D:3)
  3 worms
  A leopard gecko (D:2)
  2 orcs (D:3)
  6 bats
  2 giant cockroaches
  4 goblins
  10 hobgoblins
  4 jackals (D:3)
  A quokka (D:2)
  A ball python zombie (D:3)
  2 frilled lizards
  A giant cockroach zombie (D:3)
  4 kobolds
  A leopard gecko skeleton (D:3)
  A quokka skeleton (D:3)
  A quokka zombie (D:3)
  A rat (D:1)
54 creatures vanquished.

Vanquished Creatures (others)
  2 withered plants (D:3)
2 creatures vanquished.

Grand Total: 56 creatures vanquished

Notes
Turn   | Place    | Note
-------+----------+-------------------------------------------
     0 | Abyss:1  | Marvel the Demonspawn Abyssal Knight began the quest for
                  | the Orb.
     0 | Abyss:1  | Reached XP level 1. HP: 18/18 MP: 2/2
     5 | Abyss:1  | Found a corrupted altar of Lugonu.
    34 | D:1      | Escaped the Abyss
   800 | D:2      | Noticed Natasha
   808 | D:2      | Noticed a crimson imp
   815 | D:1      | Gained mutation: You have sharp toenails. [demonic
                  | ancestry]
   815 | D:1      | Reached XP level 2. HP: 17/24 MP: 3/3
   834 | D:1      | Killed Natasha
   835 | D:1      | Gained mutation: Your flesh is cold resistant. (rC+)
                  | [demonic ancestry]
   835 | D:1      | Reached XP level 3. HP: 2/30 MP: 4/4
  1219 | D:2      | Reached skill level 4 in Fighting
  2335 | D:2      | Found an opulent altar of Gozag.
  2476 | D:2      | Gained mutation: You are immune to freezing clouds.
                  | [demonic ancestry]
  2476 | D:2      | Reached XP level 4. HP: 34/38 MP: 5/5
  2947 | D:3      | Reached ** piety under Lugonu
  3203 | D:3      | Found an iron altar of Okawaru.
  3413 | D:3      | Gained mutation: A meltable icy envelope protects you from
                  | harm. (AC +10) [demonic ancestry]
  3413 | D:3      | Reached XP level 5. HP: 29/43 MP: 6/6
  3930 | D:4      | Noticed an ogre
  3974 | D:4      | Mangled by an ogre

Illustrated notes

Levels and vault maps discovered:
D:1:      erik_arrival_triangle_huge, layout_basic
D:2:      layout_basic, grunt_gozag_statues, uniq_natasha
D:3:      layout_loops_ring, lemuel_round_altar, serial_undead, serial_undead_d,
          serial_undead_d, serial_undead_b, serial_undead_c
D:4:      layout_loops_ring, minmay_temple_entry_ruins, serial_shops,
          nicolae_shop_behind_doors

Skill      XL: |  1  2  3  4 |
---------------+-------------+-----
Axes           | 2 3 |  3.7
Fighting       | 4 |  4.6
Armour         | 2 |  2.2
Dodging        | |  0.8
Invocations    | |  2.4

Action                   |  1- 3 |  4- 6 || total
-------------------------+-------+-------++-------
Melee: Hand axe          |    89 |   101 ||   190
       Kick              |    17 |    25 ||    42
  Use: Potion            |     4 |     1 ||     5
       Scroll            |       |     6 ||     6
Armor: Leather armour    |    29 |     8 ||    37
       Plate armour      |       |    75 ||    75
Dodge: Dodged            |    62 |    27 ||    89
